cohdb
Replays
Latest Replays
All Replays
Popular Replays
Top Player Replays
Match Explorer
How It Works
Community
CoH3 Stats
Reddit
Sign in to upload your games and track your stats! →
Sign in with Steam
Match 23715101
Unlisted
Match 23715101
Overview
Messages
Build Orders
End
Construct Barracks
Riflemen Squad
Riflemen Squad
Riflemen Squad
Riflemen Squad
Infantry Support Center
Grenade Package
Riflemen Squad
M1918 Browning Automatic Rifles
Selects Advanced Infantry Battlegroup
Selects Convert to Ranger Squad
Selects Ammunition Storage
Munitions Surplus
Construct Medical Station
Riflemen Squad
Engineer Squad
Construct Medical Station
Construct Medical Station
Construct Medical Station
Selects M2A1 105mm Howitzer Emplacement
Selects Free Fire Drills
Selects Frontline Medical Station
Enialis
ashram
UH|dun! ツ
iceman
0
0
Comments
sign in to comment!
No comments posted yet!